Map: Rohana LE

Players

Ekelpack

  • Race: Zerg Zerg
  • Spawn Location: 11:00

Nyck

  • Race: Terran Terran
  • Spawn Location: 9:00

Gorg

  • Race: Zerg Zerg
  • Spawn Location: 5:00

Евгений

  • Race: Zerg Zerg
  • Spawn Location: 3:00

VOD

Have the link to the VOD?

Description

Time

  • Played on: Feb. 4, 2025, 3:23 p.m.
  • Length: 10:40
Show
View Real Time Build Order
Export as new Build Order

Ekelpack Zerg 

Build Orders: Hatch First 

Get SALT Encoding   

  12  0:01  Drone  
  13  0:12  Overlord  
  13  0:17  Drone  
  14  0:30  Drone x2  
  14  0:34  Drone  
  17  0:52  Hatchery  
  17  0:53  Drone  
  17  0:59  Drone  
  17  1:02  Extractor  
  17  1:07  Drone  
  18  1:17  Spawning Pool  
  17  1:19  Drone  
  18  1:29  Drone  
  19  1:38  Drone  
  20  1:52  Overlord  
  20  2:05  Queen x2  
  20  2:08  Drone  
  25  2:13  Metabolic Boost  
  25  2:19  Zergling x2  
  25  2:22  Drone  
  27  2:24  Drone  
  27  2:26  Drone  
  27  2:29  Drone  
  30  2:34  Drone  
  31  2:37  Drone  
  32  2:50  Lair  
  32  2:54  Extractor  
  32  2:55  Drone x3, Extractor  
  33  3:02  Drone  
  34  3:09  Drone x2  
  36  3:23  Overlord x2  
  36  3:38  Overlord  
  34  3:41  Queen  
  34  3:47  Zergling x2, Overlord  
  34  3:48  Zergling x6  
  40  3:54  Spire  
  39  3:59  Zergling x4  
  39  4:00  Zergling x4  
  43  4:13  Extractor  
  43  4:15  Zergling x4  
  44  4:21  Drone  
  45  4:40  Drone  
  45  4:41  Drone x2  
  45  4:43  Drone x2  
  50  4:45  Drone  
  50  4:52  Drone x4  
  55  4:55  Drone  
  56  5:15  Zergling x6  
  56  5:17  Overlord  
  56  5:18  Overlord x2  
  35  5:35  Zergling x4  
  35  5:36  Zergling x4  
  35  5:42  Queen  
  32  5:45  Mutalisk  
  32  5:53  Zerg Flyer Weapons Level 1  
  31  6:00  Mutalisk x4  
  38  6:13  Mutalisk x2  
  37  6:26  Mutalisk  
  37  6:27  Mutalisk x4  
  47  6:38  Drone  
  31  7:04  Drone x2  
  31  7:13  Drone  
  31  7:14  Drone  
  30  7:30  Drone  
  31  7:40  Drone  
  32  7:47  Drone  
  29  7:55  Drone  
  30  8:00  Drone  
  31  8:09  Drone  
  32  8:17  Drone  
  33  8:29  Queen  
  35  8:34  Drone  
Show
View Real Time Build Order
Export as new Build Order

Nyck Terran 

Build Orders:  

Get SALT Encoding   

  12  0:00  SCV  
  13  0:12  SCV  
  14  0:17  Supply Depot  
  14  0:24  SCV  
  15  0:39  SCV  
  15  0:41  Barracks  
  16  0:47  Refinery  
  16  0:52  SCV  
  17  0:59  Refinery  
  17  1:06  SCV  
  18  1:18  SCV  
  19  1:32  Reaper  
  20  1:36  Orbital Command, Supply Depot  
  20  2:03  SCV  
  20  2:07  Barracks Tech Lab  
  21  2:15  Barracks  
  21  2:16  SCV  
  22  2:31  SCV  
  23  2:43  SCV  
  23  2:44  Combat Shield  
  23  2:52  Marine  
  23  2:55  SCV  
  25  3:01  Engineering Bay  
  25  3:06  Factory  
  25  3:07  SCV  
  25  3:08  Barracks  
  25  3:09  Barracks Tech Lab  
  26  3:24  Command Center  
  26  3:27  Stimpack  
  26  3:31  Terran Infantry Armor Level 1  
  26  3:32  Marine  
  27  3:34  Marine  
  28  3:49  Engineering Bay  
  28  3:53  Armory  
  28  3:56  Starport  
  28  3:59  Marine  
  28  4:00  Supply Depot  
  29  4:03  Marine  
  29  4:04  Marine  
  31  4:19  Terran Infantry Weapons Level 1  
  31  4:21  SCV  
  32  4:33  SCV  
  32  4:38  Orbital Command  
  33  4:41  Marine x2  
  33  4:43  Barracks Tech Lab  
  35  4:49  Ghost Academy  
  35  4:50  SCV  
  36  4:53  Starport Reactor  
  36  4:56  Supply Depot  
  36  4:59  Refinery  
  36  5:05  SCV x2  
  33  5:17  SCV x2  
  32  5:23  Ghost  
  32  5:24  Ghost  
  38  5:29  SCV x2  
  38  5:31  Medivac  
  38  5:35  Ghost  
  45  5:49  Terran Infantry Armor Level 2  
  27  6:12  SCV x2  
  27  6:15  Ghost  
  32  6:24  SCV x2  
  34  6:30  Marine x2  
  36  6:36  SCV x2  
  34  6:51  Orbital Command  
  33  7:11  Ghost  
  33  7:12  Marine  
  33  7:13  Marine  
  33  7:30  SCV x2  
  33  7:33  Personal Cloaking  
  35  7:42  SCV x2  
  37  7:47  Ghost  
  40  7:54  SCV x2  
  40  7:56  Marine x2  
  44  8:06  SCV, Barracks  
  44  8:07  Barracks  
  44  8:08  SCV  
  46  8:13  Marine  
  46  8:14  Marine  
  46  8:16  Marine, Refinery  
  46  8:18  SCV  
  50  8:27  SCV  
  50  8:30  SCV  
  50  8:31  Marine, Ghost  
  56  8:39  SCV  
  54  8:42  SCV  
  49  8:51  SCV  
  45  8:56  Barracks  
  45  9:04  SCV  
  45  9:08  Barracks Reactor  
  46  9:10  Marine  
  47  9:22  Marine  
  46  9:26  Ghost  
  46  9:28  Marine  
  46  9:29  Ghost  
  36  9:39  Marine  
  31  9:46  Marine  
  16  9:57  Marine  
  18  10:04  Marine  
Show
View Real Time Build Order
Export as new Build Order

Gorg Zerg 

Build Orders: Hatch First 

Get SALT Encoding   

  12  0:02  Drone  
  13  0:15  Drone  
  14  0:23  Overlord  
  14  0:41  Drone x3  
  17  1:01  Hatchery  
  16  1:12  Spawning Pool  
  16  1:13  Drone x2  
  16  1:17  Extractor  
  16  1:18  Drone  
  18  1:25  Drone  
  18  1:36  Drone  
  19  1:47  Drone  
  20  1:55  Hatchery  
  19  2:02  Queen  
  19  2:07  Zergling x2  
  22  2:14  Drone x2  
  24  2:22  Queen  
  26  2:25  Metabolic Boost  
  26  2:31  Zergling x4  
  27  2:51  Overlord x2  
  27  2:55  Overlord  
  27  3:15  Drone x6  
  33  3:34  Zergling x4  
  33  3:35  Zergling x2  
  33  3:36  Drone x3  
  33  3:40  Lair  
  33  3:41  Baneling Nest  
  37  3:50  Zergling x6  
  37  3:51  Drone x2  
  42  4:02  Drone x3  
  45  4:14  Overlord x2  
  45  4:19  Hatchery  
  45  4:23  Drone x5  
  49  4:31  Baneling  
  49  4:32  Baneling x5  
  49  4:37  Zergling x2  
  49  4:38  Zergling x2  
  51  4:48  Extractor  
  51  4:49  Extractor x2  
  48  4:54  Drone x3  
  48  4:56  Hydralisk Den, Drone x3  
  48  4:58  Drone x3  
  56  5:03  Zergling x4  
  56  5:16  Zergling x10  
  60  5:25  Baneling  
  60  5:33  Zergling x2  
  60  5:34  Zergling x4  
  60  5:38  Zergling x4  
  60  5:39  Zergling x2  
  60  5:50  Zergling x2  
  60  5:51  Zergling x4  
  63  5:58  Hydralisk  
  63  6:00  Overlord x2  
  63  6:07  Zergling x2  
  60  6:13  Baneling x4  
  60  6:16  Zergling x2  
  60  6:17  Zergling x2  
  62  6:25  Muscular Augments  
  62  6:26  Hydralisk x3  
  68  6:38  Zergling x6  
  63  6:48  Hydralisk  
  63  6:49  Hydralisk x2  
  66  6:55  Hydralisk  
  66  6:56  Hydralisk x3  
  74  7:04  Hatchery  
  74  7:05  Drone x5  
  78  7:09  Infestation Pit  
  78  7:13  Hydralisk x3  
  83  7:18  Drone x2  
  83  7:19  Hatchery  
  83  7:22  Spore Crawler  
  83  7:23  Spore Crawler  
  83  7:29  Grooved Spines  
  82  7:31  Centrifugal Hooks  
  82  7:33  Zergling x2  
  82  7:34  Zergling x12  
  89  7:40  Overlord  
  89  7:41  Overlord  
  87  7:52  Spore Crawler  
  87  7:53  Hydralisk  
  87  7:55  Overlord  
  87  7:56  Overlord x2  
  86  8:10  Hydralisk x2  
  86  8:12  Drone x5  
  95  8:14  Drone  
  95  8:19  Baneling x3  
  96  8:20  Baneling x5  
  96  8:21  Baneling  
  96  8:23  Drone  
  97  8:28  Zergling x2  
  97  8:29  Zergling x4  
  100  8:45  Hydralisk  
  100  8:46  Hydralisk x4  
  100  8:47  Hydralisk  
  110  9:06  Hydralisk  
  110  9:07  Hydralisk x5  
  110  9:09  Zergling x4  
  117  9:21  Hydralisk  
  117  9:22  Hydralisk x3  
  117  9:24  Zergling x4  
  124  9:27  Baneling x2  
  124  9:28  Baneling x3  
  107  9:53  Zergling x2  
  107  9:54  Zergling x30  
  107  9:55  Zergling x4  
  107  9:58  Overseer x2  
  117  10:11  Hydralisk x4  
  102  10:21  Zergling x2  
  102  10:22  Zergling x6  
Show
View Real Time Build Order
Export as new Build Order

Евгений Zerg 

Build Orders: Hatch First 

Get SALT Encoding   

  12  0:01  Drone  
  13  0:12  Overlord  
  13  0:18  Drone  
  14  0:31  Drone x2  
  14  0:34  Drone  
  17  0:52  Hatchery  
  17  0:54  Drone  
  17  1:08  Spawning Pool  
  17  1:11  Extractor  
  15  1:13  Drone  
  15  1:16  Drone  
  17  1:21  Drone  
  18  1:28  Drone  
  19  1:39  Overlord  
  19  1:56  Hatchery  
  19  1:57  Drone  
  19  2:06  Queen  
  21  2:19  Queen  
  23  2:30  Zergling x4  
  23  2:31  Zergling x2  
  23  2:36  Metabolic Boost  
  26  2:39  Drone  
  26  2:43  Drone  
  28  3:01  Drone  
  28  3:02  Drone x4  
  33  3:17  Drone x4  
  37  3:22  Drone x3  
  37  3:23  Drone  
  41  3:35  Overlord  
  41  3:41  Lair  
  41  3:52  Queen  
  41  3:53  Drone  
  41  3:55  Drone x6  
  50  3:59  Extractor  
  50  4:00  Extractor  
  48  4:07  Queen  
  50  4:10  Overlord x2  
  50  4:16  Roach Warren  
  49  4:19  Drone  
  48  4:42  Zergling x2  
  48  4:43  Zergling x12  
  48  4:44  Zergling x4  
  57  4:46  Hatchery  
  57  4:48  Overlord  
  56  4:54  Evolution Chamber  
  56  4:55  Evolution Chamber  
  56  4:59  Drone  
  56  5:00  Drone x2, Hydralisk Den, Extractor  
  56  5:03  Drone  
  56  5:06  Glial Reconstitution  
  56  5:18  Roach x6  
  64  5:42  Roach x5  
  71  5:58  Roach x2  
  71  5:59  Overlord x3  
  72  6:08  Zerg Melee Weapons Level 1, Zerg Ground Armor Level 1  
  72  6:09  Roach  
  72  6:11  Overlord x3  
  74  6:22  Roach  
  74  6:23  Roach x3  
  74  6:25  Roach  
  84  6:31  Hydralisk  
  82  6:49  Hydralisk  
  82  6:50  Hydralisk x5, Roach  
  82  6:52  Hydralisk  
  90  7:04  Hydralisk x3  
  80  7:28  Hydralisk  
  80  7:29  Hydralisk x4  
  78  7:36  Spore Crawler  
  77  7:38  Spore Crawler  
  77  7:40  Spore Crawler  
  77  7:42  Spore Crawler  
  74  7:50  Hydralisk  
  76  7:51  Hydralisk x3  
  76  7:57  Drone x3  
  85  7:59  Drone  
  86  8:06  Drone x3  
  86  8:11  Overlord  
  89  8:19  Roach x2  
  93  8:26  Zergling x2  
  94  8:27  Zergling x6  
  94  8:33  Overlord x2  
  89  9:01  Hydralisk  
  89  9:02  Hydralisk x7  
  105  9:18  Hydralisk  
  105  9:19  Hydralisk x3  
  97  9:44  Hydralisk x6  
  97  9:51  Hydralisk x3  
  97  9:58  Queen  
  95  10:01  Hydralisk  
  97  10:13  Overlord x2  
  97  10:14  Overlord  
Tags
 
Add a new tag
Caveats
  • Supply blocks, unpowered buildings, or Contaminate may cause inaccurate times.
  • Supply counts are checked every 10 seconds.